 Dungeon Crawl Stone Soup version 0.27-a0-1245-g940ed4fa31 (webtiles) character file.

Game seed: 10726726399396245842

808 deletemesenpai the Chopper (level 7, 0/61 HPs)
             Began as a Hill Orc Fighter on June 9, 2021.
             Was a Follower of Beogh.
             Slain by a yak (10 damage)
             ... on level 5 of the Dungeon.
             The game lasted 00:18:01 (4541 turns).

deletemesenpai the Chopper (Hill Orc Fighter)       Turns: 4541, Time: 00:18:02

Health: 0/61       AC: 13    Str: 25    XL:     7   Next: 92%
Magic:  8/8        EV:  6    Int:  8    God:    Beogh [*.....]
Gold:   141        SH: 10    Dex: 12    Spells: 6/6 levels left

rFire    . . .     SeeInvis .   v - +0 mace (protect)
rCold    . . .     Faith    .   c - +0 kite shield
rNeg     + . .     Spirit   .   i - +0 chain mail
rPois    .         Reflect  .   t - +0 helmet
rElec    .         Harm     .   e - +0 cloak
rCorr    .         Rampage  .   r - +0 pair of gloves
Will     .....                  (no boots)
Stlth    ..........             (no amulet)
HPRegen  0.20/turn              m - ring of positive energy
MPRegen  0.11/turn              x - +6 ring of strength

@: no status effects
A: no striking features
a: Renounce Religion


You were on level 5 of the Dungeon.
You worshipped Beogh.
Beogh was aware of your devotion.
You visited 1 branch of the dungeon, and saw 5 of its levels.

You collected 141 gold pieces.

Inventory:

Hand Weapons
 a - a +0 war axe
 v - a +0 mace of protection (weapon)
 A - a +0 spear of freezing
 C - a +3 vorpal flail
Missiles
 d - 7 poisoned darts
 g - 112 stones (quivered)
 o - 9 boomerangs
Armour
 c - a +0 kite shield (worn)
 e - a +0 cloak (worn)
 i - a +0 chain mail (worn)
 r - a +0 pair of gloves (worn)
 t - a +0 helmet (worn)
Jewellery
 m - a ring of positive energy (left hand)
 x - a +6 ring of strength (right hand)
Scrolls
 b - a scroll of noise {unknown}
 f - 3 scrolls of summoning {unknown}
 k - 3 scrolls of identify {unknown}
 s - a scroll of acquirement {unknown}
 u - 2 scrolls of enchant armour {unknown}
 w - 2 scrolls of teleportation {unknown}
 z - a scroll of blinking {unknown}
Potions
 h - a potion of degeneration {unknown}
 j - a potion of ambrosia {unknown}
 l - a potion of mutation {unknown}
 n - 2 potions of magic {unknown}
 p - 2 potions of brilliance {unknown}
 q - a potion of attraction {unknown}
 D - 3 potions of might


   Skills:
 + Level 5.0 Fighting
 + Level 6.8(7.1) Axes
 + Level 2.1(4.2) Maces & Flails
 + Level 0.7(3.5) Polearms
 + Level 0.5 Throwing
 + Level 5.5 Armour
 + Level 5.3 Shields
 - Level 2.0 Invocations


You had 6 spell levels left.
You didn't know any spells.
Your spell library was empty.

Dungeon Overview and Level Annotations

Branches:
Dungeon (5/15)
 Temple: D:4-7

Altars:
Ashenzari
Fedhas
Xom

Shops:
D:1 =   D:3 :


Message History

The yak gores you but does no damage. x2
The yak barely misses you.
You hit the yak.
The yak is lightly wounded.
You barely miss the yak. The yak gores you but does no damage.
You block the yak's attack.
You slash the yak!
The yak is severely wounded.
You hit the yak. You slash the yak! The yak gores you. The yak gores you!
The yak closely misses you. The yak gores you but does no damage.
You hit the yak.
The yak is severely wounded.
You closely miss the yak. x2; The yak gores you.
You block the yak's attack. x2
The yak gores you.
You slash the yak!
The yak is moderately wounded.
You slash the yak!
The yak is severely wounded.
You barely miss the yak. You slash the yak!
The yak gores you but does no damage. The yak gores you.
You block the yak's attack.
You hit the yak.
The yak is almost dead.
You hit the yak. x2; The yak barely misses you.
The yak closely misses you.
You block the yak's attack. x2; The yak gores you.
The yak gores you but does no damage.
Your chain mail prevents you from hitting the yak.
The yak is almost dead.
You hit the yak but do no damage.
Your shield and chain mail prevent you from hitting the yak.
The yak gores you but does no damage. The yak gores you.
* * * LOW HITPOINT WARNING * * *
You block the yak's attack.
Okay, then.
Your +0 mace of protection hums with potential!
v - a +0 mace of protection (weapon)
The yak gores you!
* * * LOW HITPOINT WARNING * * *
The yak gores you!
You die...

.......{........#.#
#............#.#
#...........o#.##
#...............÷
#.......####.####
####.......# ..... #
#..Y.......#.......#
...####.#Y#......#.......#
.......YY@#.####....._....
.......Y#Y#. #...#.......#
........#.#. +...#.......#
.#..###.#.# #...# ..... #
#. #.#†# #...####.#### #
#.#.####............
.###.#.##......#..#....
.....#'##......+.......
................##......


You could see 6 yaks.

Vanquished Creatures
  Sigmund (D:3)
  Edmund (D:4)
  An ice beast (D:4)
  An ogre (D:5)
  A water moccasin zombie (D:3)
  A hound (D:4)
  2 orc wizards
  A hound skeleton (D:4)
  Robin (D:3)
  6 adders
  3 gnolls
  A howler monkey skeleton (D:5)
  A worm (D:3)
  2 dart slugs
  8 orcs
  6 ball pythons
  7 bats
  6 endoplasms
  A giant cockroach (D:4)
  13 goblins
  8 hobgoblins
  5 jackals (D:4)
  3 quokkas
  2 frilled lizards (D:1)
  8 kobolds
  7 rats
97 creatures vanquished.

Vanquished Creatures (others)
  An adder (D:3)
1 creature vanquished.

Grand Total: 98 creatures vanquished

Notes
Turn   | Place    | Note
-------+----------+-------------------------------------------
     0 | D:1      | deletemesenpai the Hill Orc Fighter began the quest for the
                  | Orb.
     0 | D:1      | Reached XP level 1. HP: 19/19 MP: 1/1
    52 | D:1      | Reached XP level 2. HP: 19/27 MP: 2/2
   197 | D:1      | Found Haepisy's Jewellery Emporium.
   399 | D:1      | Reached skill level 3 in Axes
   758 | D:2      | Reached XP level 3. HP: 33/33 MP: 3/3
  1568 | D:3      | Reached XP level 4. HP: 34/40 MP: 4/4
  1704 | D:3      | Found a faded altar of an unknown god.
  1768 | D:3      | Found Icwo Xypp's Book Shoppe.
  1806 | D:3      | Noticed Robin
  1814 | D:3      | Reached skill level 4 in Axes
  1821 | D:3      | Killed Robin
  2068 | D:3      | Reached XP level 5. HP: 36/46 MP: 5/5
  2230 | D:3      | Became a worshipper of Beogh the Brigand
  2394 | D:3      | Noticed Sigmund
  2406 | D:3      | Reached skill level 5 in Axes
  2427 | D:3      | Killed Sigmund
  2428 | D:3      | Reached skill level 5 in Armour
  2428 | D:3      | Reached XP level 6. HP: 27/53 MP: 6/6
  2889 | D:4      | Found a blossoming altar of Fedhas.
  3238 | D:4      | Reached * piety under Beogh
  3373 | D:4      | Noticed Edmund
  3396 | D:4      | Killed Edmund
  3397 | D:4      | Reached skill level 6 in Axes
  3397 | D:4      | Reached skill level 1 in Maces & Flails
  3397 | D:4      | Reached skill level 1 in Invocations
  3397 | D:4      | Reached XP level 7. HP: 18/60 MP: 7/7
  3687 | D:4      | Found a broken altar of Ashenzari.
  3927 | D:5      | Entered Level 5 of the Dungeon
  3949 | D:5      | Found a shimmering altar of Xom.
  4141 | D:4      | Reached skill level 5 in Shields
  4339 | D:5      | Reached skill level 5 in Fighting
  4526 | D:5      | Noticed a yak
  4526 | D:5      | Noticed a yak
  4527 | D:5      | Noticed a yak
  4528 | D:5      | Noticed a yak
  4528 | D:5      | Noticed a yak
  4528 | D:5      | Noticed a yak
  4541 | D:5      | Slain by a yak

Illustrated notes

Levels and vault maps discovered:
D:1:      ncdulo_halloftheorcs, layout_rooms, serial_shops, shop
D:2:      layout_loops_ring
D:3:      layout_loops_corners, ebering_ecumenical_altar_box, serial_shops,
          nicolae_shop_trees, item_on_display_a, uniq_robin, uniq_sigmund
D:4:      layout_loops_cross, fedhas_ov_isle_minmay, evilmike_ruin_ashenzari,
          uniq_edmund
D:5:      layout_basic, nicolae_gozag_cash_rules_everything_around_me,
          old_standard_altar, minmay_temple_entry_gardened_gates, serial_shops,
          kennysheep_mini_moat, gammafunk_ghost_nasty_kobolds

Skill      XL: |  1  2  3  4  5  6  7 |
---------------+----------------------+-----
Axes           | 3 4 5 6 |  6.8
Fighting       | 4 5 |  5.0
Armour         | 4 5 |  5.5
Shields        | 4 5 |  5.3
Maces & Flails | 1 2 |  2.1
Invocations    | 1 2 |  2.0
Polearms       | |  0.7
Throwing       | |  0.5

Action                   |  1- 3 |  4- 6 |  7- 9 || total
-------------------------+-------+-------+-------++-------
Melee: War axe           |    60 |    20 |    54 ||   134
       Hand axe          |    53 |    90 |       ||   143
       Mace              |       |    12 |    23 ||    35
       Spear             |       |    19 |       ||    19
       Flail             |       |       |    13 ||    13
Throw: Stone             |     3 |     5 |     2 ||    10
Invok: Convert to Beogh  |       |     1 |       ||     1
  Use: Potion            |       |     1 |     1 ||     2
Armor: Scale mail        |    16 |       |       ||    16
       Chain mail        |    92 |    96 |    78 ||   266
Dodge: Dodged            |    41 |    40 |    25 ||   106
Block: Kite shield       |    80 |    95 |    72 ||   247

Table legend: (Time is in decaauts)
 A = Elapsed time spent in this place.
 B = Non-inter-level travel time spent in this place.
 C = Inter-level travel time spent in this place.
 D = Time resting spent in this place.
 E = Time spent auto-exploring this place.
 F = Levels seen in this place.
 G = Mean time per level.
                   A        B        C        D        E       F      G
               +--------+--------+--------+--------+--------+-----+--------+
         Total |   4660 |   4610 |     50 |   1028 |   2120 |   5 |  932.0 |
       Dungeon |   4660 |   4610 |     50 |   1028 |   2120 |   5 |  932.0 |
               +--------+--------+--------+--------+--------+-----+--------+

Top non-repeatable levels by time:
     D:3: 1433 daAuts
     D:4: 1390 daAuts
     D:2: 786 daAuts
     D:1: 753 daAuts
     D:5: 296 daAuts
